 Dungeon Crawl Stone Soup version 0.30-a0-1114-gd936c97349 (webtiles) character file.

Game seed: 14232280404707639239

166 retardedninja the Firebug (level 5, 0/37 HPs)
             Began as a Gnoll Fire Elementalist on Apr 20, 2023.
             Slain by a hobgoblin (1 damage)
             ... on level 4 of the Dungeon.
             The game lasted 00:06:01 (4082 turns).

retardedninja the Firebug (Gnoll Fire Elementalist) Turns: 4082, Time: 00:06:02

Health: 0/37       AC:  2    Str:  7    XL:     5   Next: 47%
Magic:  5/12       EV: 13    Int: 16    God:
Gold:   148        SH:  5    Dex: 13    Spells: 11/14 levels left

rFire   . . .      SeeInvis .    k - +0 mace
rCold   . . .      Faith    .    (no shield)
rNeg    . . .      Spirit   .    o - +0 robe
rPois   .          Reflect  +    (no helmet)
rElec   .          Rampage  .    (no cloak)
rCorr   .                        (no gloves)
Will    .....                    (no boots)
Stlth   +++                      f - amulet of reflection
HPRegen 0.26/turn                (no ring)
MPRegen 0.13/turn                (no ring)

@: mighty, hasted, very quick
A: fangs 1, strong nose, distributed training
a: no special abilities


You were on level 4 of the Dungeon.
You visited 1 branch of the dungeon, and saw 4 of its levels.

You collected 148 gold pieces.

Inventory:

Hand Weapons
 k - a +0 mace (weapon)
Armour
 o - a +0 robe (worn)
Jewellery
 f - an amulet of reflection (around neck)
 s - a +5 ring of evasion
Scrolls
 e - a scroll of magic mapping {unknown}
 g - 2 scrolls of fear {unknown}
 h - 2 scrolls of vulnerability
 i - a scroll of identify {unknown}
 j - a scroll of enchant armour {unknown}
 l - a scroll of amnesia {unknown}
 n - a scroll of noise {unknown}
Potions
 a - a potion of brilliance {unknown}
 b - a potion of magic
 c - a potion of lignification {unknown}
 d - a potion of haste
 m - a potion of might
 p - a potion of heal wounds {unknown}
 q - 2 potions of invisibility {unknown}
 r - a potion of cancellation {unknown}


   Skills:
 + Level 1.6 Fighting
 + Level 1.6 Short Blades
 + Level 1.6 Long Blades
 + Level 1.6 Axes
 + Level 1.6 Maces & Flails
 + Level 1.6 Polearms
 + Level 1.6 Staves
 + Level 1.6 Ranged Weapons
 + Level 1.6 Throwing
 + Level 1.6 Armour
 + Level 4.8 Dodging
 + Level 4.4 Stealth
 + Level 1.6 Shields
 + Level 1.6 Unarmed Combat
 + Level 5.2 Spellcasting
 + Level 2.4 Conjurations
 + Level 1.2 Hexes
 + Level 1.2 Summonings
 + Level 1.2 Necromancy
 + Level 1.2 Translocations
 + Level 1.2 Transmutations
 + Level 5.5 Fire Magic
 + Level 1.2 Ice Magic
 + Level 1.2 Air Magic
 + Level 1.2 Earth Magic
 + Level 1.2 Poison Magic
 + Level 1.8 Invocations
 + Level 1.6 Evocations


You had 11 spell levels left.
You knew the following spells:

 Your Spells              Type           Power      Damage    Failure   Level
a - Foxfire               Conj/Fire      68%        2x1d7     2%          1
b - Scorch                Fire           44%        2d6       2%          2

Your spell library contained the following spells:

 Spells                   Type           Power      Damage    Failure   Level
 Necrotise                Necr           32%        1d5       9%          1
 Inner Flame              Hex/Fire       15%        N/A       11%         3
 Volatile Blastmotes      Fire/Tloc      30%        2d12      11%         3
 Vampiric Draining        Necr           8%         2d6       26%         3
 Flame Wave               Conj/Fire      17%        2d7       28%         4
 Agony                    Necr           8%         N/A       94%         5


Dungeon Overview and Level Annotations

Branches:
Dungeon (4/15)
 Temple: D:4-7

Altars:
Ashenzari
Ru
Trog


Innate Abilities, Weirdness & Mutations

You have very sharp teeth.
Your uncanny sense of smell can sniff out nearby items.
Your experience applies equally to all skills.


Message History

The orc priest is heavily wounded.
You conjure some foxfire!
The foxfire hits the goblin.
The goblin is moderately wounded.
You conjure some foxfire!
The foxfire hits the goblin.
You kill the goblin!
The foxfire hits the orc.
The orc is moderately wounded.
The foxfire hits the orc.
The orc is severely wounded.
The orc closely misses you.
You conjure some foxfire!
The hobgoblin shouts!
You hear a shout!
The foxfire hits the orc but does no damage.
The orc is severely wounded.
You block the goblin's attack.
The orc priest calls down the wrath of Beogh upon you.
Beogh smites you!
You barely miss the orc.
The orc is severely wounded.
The foxfire hits the hobgoblin.
The hobgoblin is heavily wounded.
A kobold comes into view. It is wielding a +0 whip.
You block the goblin's attack.
You hit the orc.
You kill the orc!
The goblin closely misses you. The orc priest hits you with a +0 mace!
* * * LOW HITPOINT WARNING * * *
The hobgoblin hits you.
* * * LOW HITPOINT WARNING * * *
Unknown command.
It was a potion of haste.
You feel yourself speed up. The goblin hits you but does no damage.
The orc priest hits you with a +0 mace.
* * * LOW HITPOINT WARNING * * *
The hobgoblin misses you.
It was a potion of might.
You feel very mighty all of a sudden. The orc priest hits you with a +0 mace.
* * * LOW HITPOINT WARNING * * *
The hobgoblin hits you.
You die...

## g.#
gg≈.
####≈≈≈..
#...(..g_
#.# #g##
#g(##
##@g# ##o#
##K###.#
#<.....#
#......#
#.........
#.........
#.........
#........)


You could see an orc priest, 2 hobgoblins, a goblin and a kobold.

Vanquished Creatures
  A jelly (D:3)
  3 gnolls (D:3)
  3 adders
  5 dart slugs
  2 orcs (D:4)
  A ball python (D:3)
  8 endoplasms
  10 giant cockroaches
  5 goblins
  3 hobgoblins
  3 jackals (D:2)
  3 bats
  5 frilled lizards
  13 kobolds
  6 rats
71 creatures vanquished.

Vanquished Creatures (others)
  240 foxfires
240 creatures vanquished.

Grand Total: 311 creatures vanquished

Notes
Turn   | Place    | Note
-------+----------+-------------------------------------------
     0 | D:1      | retardedninja the Gnoll Fire Elementalist began the quest
                  | for the Orb.
     0 | D:1      | Reached XP level 1. HP: 13/13 MP: 6/6
   259 | D:1      | Reached XP level 2. HP: 19/19 MP: 5/7
   901 | D:1      | Reached skill level 5 in Spellcasting
   901 | D:1      | Reached XP level 3. HP: 25/25 MP: 6/9
  1115 | D:2      | Found a broken altar of Ashenzari.
  1383 | D:2      | Reached skill level 1 in Invocations
  1745 | D:2      | Reached skill level 1 in Fighting
  1745 | D:2      | Reached skill level 1 in Short Blades
  1745 | D:2      | Reached skill level 1 in Long Blades
  1745 | D:2      | Reached skill level 1 in Axes
  1745 | D:2      | Reached skill level 1 in Maces & Flails
  1745 | D:2      | Reached skill level 1 in Polearms
  1745 | D:2      | Reached skill level 1 in Staves
  1745 | D:2      | Reached skill level 1 in Ranged Weapons
  1745 | D:2      | Reached skill level 1 in Throwing
  1745 | D:2      | Reached skill level 1 in Armour
  1745 | D:2      | Reached skill level 1 in Shields
  1745 | D:2      | Reached skill level 1 in Unarmed Combat
  1745 | D:2      | Reached skill level 1 in Evocations
  1996 | D:2      | Reached XP level 4. HP: 17/32 MP: 4/11
  2588 | D:2      | Learned a level 2 spell: Scorch
  2592 | D:3      | Reached skill level 1 in Hexes
  2592 | D:3      | Reached skill level 1 in Summonings
  2592 | D:3      | Reached skill level 1 in Necromancy
  2592 | D:3      | Reached skill level 1 in Translocations
  2592 | D:3      | Reached skill level 1 in Transmutations
  2592 | D:3      | Reached skill level 1 in Ice Magic
  2592 | D:3      | Reached skill level 1 in Air Magic
  2592 | D:3      | Reached skill level 1 in Earth Magic
  2592 | D:3      | Reached skill level 1 in Poison Magic
  3058 | D:3      | Reached XP level 5. HP: 15/37 MP: 6/12
  3481 | D:3      | Found a sacrificial altar of Ru.
  4054 | D:4      | Found a bloodstained altar of Trog.
  4082 | D:4      | HP: 1/37 [orc priest/+0 mace (5)]
  4082 | D:4      | Slain by a hobgoblin

Illustrated notes

Levels and vault maps discovered:
D:1:      dpeg_arrival_short_road, layout_loops_cross
D:2:      layout_basic, basic_altar
D:3:      layout_basic, nicolae_ru_sacrificial_ziggurat
D:4:      layout_basic, trog_hazing_becter, serial_shops, shop,
          hangedman_abyss_or_decor_lesser_grid

Skill      XL: |  1  2  3  4 |
---------------+-------------+-----
Conjurations   | 2 |  2.4
Spellcasting   | 5 |  5.2
Invocations    | 1 |  1.8
Fighting       | 1 |  1.6
Short Blades   | 1 |  1.6
Long Blades    | 1 |  1.6
Axes           | 1 |  1.6
Maces & Flails | 1 |  1.6
Polearms       | 1 |  1.6
Staves         | 1 |  1.6
Ranged Weapons | 1 |  1.6
Throwing       | 1 |  1.6
Armour         | 1 |  1.6
Shields        | 1 |  1.6
Unarmed Combat | 1 |  1.6
Evocations     | 1 |  1.6
Hexes          | 1 |  1.2
Summonings     | 1 |  1.2
Necromancy     | 1 |  1.2
Translocations | 1 |  1.2
Transmutations | 1 |  1.2
Ice Magic      | 1 |  1.2
Air Magic      | 1 |  1.2
Earth Magic    | 1 |  1.2
Poison Magic   | 1 |  1.2
Dodging        | |  4.8
Stealth        | |  4.4
Fire Magic     | |  5.5

Action                     |  1- 3 |  4- 6 || total
---------------------------+-------+-------++-------
  Melee: Unarmed           |     1 |       ||     1
         Mace              |       |     4 ||     4
   Cast: Foxfire           |    92 |    79 ||   171
         Scorch            |       |    10 ||    10
    Use: Potion            |       |     2 ||     2
         Scroll            |       |     1 ||     1
 Armour: Robe              |     2 |     4 ||     6
  Dodge: Dodged            |    15 |    32 ||    47
  Block: Other             |       |    11 ||    11
         Reflection        |       |     1 ||     1

Table legend: (Time is in decaauts)
 A = Elapsed time spent in this place.
 B = Non-inter-level travel time spent in this place.
 C = Inter-level travel time spent in this place.
 D = Time resting spent in this place.
 E = Time spent auto-exploring this place.
 F = Levels seen in this place.
 G = Mean time per level.
                   A        B        C        D        E       F      G
               +--------+--------+--------+--------+--------+-----+--------+
         Total |   4083 |   4004 |     79 |    163 |   3242 |   4 | 1020.8 |
       Dungeon |   4083 |   4004 |     79 |    163 |   3242 |   4 | 1020.8 |
               +--------+--------+--------+--------+--------+-----+--------+

Top non-repeatable levels by time:
     D:3: 1554 daAuts
     D:2: 1389 daAuts
     D:1: 1078 daAuts
     D:4: 60 daAuts
